 Dungeon Crawl Stone Soup version 0.31-a0-271-gb88eb75 (webtiles) character file.

Game seed: 11642889967841305644

156 Dawnplanks the Covert (level 5, -4/31 HPs)
             Began as a Kobold Brigand on July 14, 2023.
             Slain by an orc
             ... wielding a +3 war axe
              (5 damage)
             ... on level 3 of the Dungeon.
             The game lasted 00:04:22 (2492 turns).

Dawnplanks the Covert (Kobold Brigand)              Turns: 2492, Time: 00:04:22

Health: -4/31      AC: 10    Str:  8    XL:     5   Next: 65%
Magic:  5/5        EV: 14    Int: 12    God:
Gold:   144        SH:  0    Dex: 19    Spells: 4/4 levels left

rFire   . . .        a - +2 dagger
rCold   . . .        (no shield)
rNeg    . . .        b - +0 robe
rPois   .            f - +0 helmet
rElec   .            c - +0 cloak
rCorr   .            (no gloves)
SInv    .            (no boots)
Will    .....        (no amulet)
Stlth   +++++        l - +4 ring of protection
HPRegen 0.25/turn    (no ring)
MPRegen 0.09/turn

%: no passive effects
@: about to teleport, attractive
A: small, no large weapons, nightstalker 3, hooves 1, iridescent scales 1, sense
surroundings 1
a: no special abilities


You were on level 3 of the Dungeon.
You visited 1 branch of the dungeon, and saw 3 of its levels.

You collected 144 gold pieces.

Inventory:

Hand Weapons
 a - a +2 dagger (weapon)
Missiles
 d - 9 poisoned darts (quivered)
 e - 3 curare-tipped darts
Armour
 b - a +0 robe (worn)
 c - a +0 cloak (worn)
 f - a +0 helmet (worn)
Jewellery
 l - a +4 ring of protection (left hand)
Scrolls
 j - 2 scrolls of identify {unknown}
 k - a scroll of fog {unknown}
 o - a scroll of enchant weapon {unknown}
Potions
 g - a potion of degeneration {unknown}
 i - 2 potions of cancellation
 m - a potion of attraction
 p - a potion of resistance {unknown}
 q - a potion of might {unknown}


   Skills:
 + Level 2.5 Fighting
 + Level 4.0 Short Blades
 + Level 2.3 Throwing
 + Level 1.5 Dodging
 + Level 8.0 Stealth


You had 4 spell levels left.
You didn't know any spells.
Your spell library was empty.

Dungeon Overview and Level Annotations

Branches:
Dungeon (3/15)

Altars:


Innate Abilities, Weirdness & Mutations

You are small and have problems with some larger weapons.
You are completely attuned to the shadows.
You have large cloven feet.
You are partially covered in iridescent scales. (AC +2)
You passively map a small area around you.


Message History

The orc wizard hits you but does no damage.
The orc closely misses you.
You hit the orc but do no damage.
The orc is severely wounded.
You barely miss the orc.
The orc is severely wounded.
The orc misses you. The orc wizard closely misses you. The orc misses you.
You hit the orc but do no damage.
The orc is severely wounded.
The orc misses you. The orc wizard closely misses you.
The orc barely misses you.
You hit the orc.
The orc is almost dead.
The orc hits you with a +3 war axe.
* * * LOW HITPOINT WARNING * * *
The orc wizard hits you but does no damage.
The orc barely misses you.
It was a potion of attraction.
You feel attractive to monsters. The orc misses you.
The orc wizard hits you with a +0 dagger.
* * * LOW HITPOINT WARNING * * *
The orc barely misses you.
You closely miss the orc.
The orc is almost dead.
The orc wizard hits you but does no damage.
The orc hits you but does no damage. The orc hits you with a +0 war axe.
* * * LOW HITPOINT WARNING * * *
As you read the scroll labelled ADGHAU QEOPHIU, it crumbles to dust.
You feel strangely unstable.
It was a scroll of teleportation.
The orc hits you with a +3 war axe.
* * * LOW HITPOINT WARNING * * *
The orc wizard casts a spell at you. You resist with some effort.
The orc barely misses you.
It was a potion of mutation.
You feel extremely strange.
Your feet thicken and deform.
You feel a strange attunement to the structure of the dungeons.
Iridescent scales grow over part of your body.
The orc hits you with a +3 war axe.
You die...

#.##.##.# #.g♣♣.. .#####
#.##.##.# #.♣._.P .... *##
#.......# #.♣.P..* #.#####.
..##.##.#####...♣P..######.<.....
.....##.................##.#####.
...#.....................#.##....
...#.##..................†.##.##.
..<#.##.######.oo##.###.†#.......
........######.o@# *###..#.##.##.
##.#.##..........# #....#....###
...#.##.#####....# #............
.....##.##.......# #..#######'##
...####.##.##....# ##.# #.# ...#
#.##.##....#####.# #####.## ####
#.............##.# #...'.'. #
####.......##†##.# #.###.##
#.##.##.......# #.# #.#


You could see an orc wizard and 2 orcs.

Vanquished Creatures
  6 gnolls
  3 adders
  2 worms
  2 dart slugs
  An orc (D:3)
  6 bats
  4 endoplasms
  A giant cockroach (D:2)
  5 goblins
  3 hobgoblins
  4 jackals (D:3)
  6 kobolds
  4 quokkas
  8 ball pythons
  5 frilled lizards
  2 rats (D:1)
62 creatures vanquished.

Notes
Turn   | Place    | Note
-------+----------+-------------------------------------------
     0 | D:1      | Dawnplanks the Kobold Brigand began the quest for the Orb.
     0 | D:1      | Reached XP level 1. HP: 12/12 MP: 1/1
   235 | D:1      | Reached XP level 2. HP: 17/17 MP: 2/2
   263 | D:1      | Reached skill level 6 in Stealth
   938 | D:2      | Reached XP level 3. HP: 17/21 MP: 3/3
  1053 | D:2      | Reached skill level 7 in Stealth
  1216 | D:2      | Reached XP level 4. HP: 26/26 MP: 4/4
  1862 | D:3      | Reached XP level 5. HP: 31/31 MP: 5/5
  1999 | D:3      | Found a faded altar of an unknown god.
  2221 | D:3      | Identified the +1 ring mail "Nete" {Drain rN+ Str+3}
  2243 | D:3      | Reached skill level 8 in Stealth
  2491 | D:3      | HP: 1/31 [orc/+3 war axe (2)]
  2492 | D:3      | Gained mutation: You have large cloven feet. [potion of
                  | mutation]
  2492 | D:3      | Gained mutation: You passively map a small area around you.
                  | [potion of mutation]
  2492 | D:3      | Gained mutation: You are partially covered in iridescent
                  | scales. (AC +2) [potion of mutation]
  2492 | D:3      | Slain by an orc

Illustrated notes

Levels and vault maps discovered:
D:1:      amcnicky_arrival_blooded_trapdoor, layout_loops_ring,
          hangedman_glass_teeth, hangedman_decor_growths, minivault_4,
          grunt_decor_clamped
D:2:      layout_rooms, chequers_serial_rivers_large_b
D:3:      layout_loops_cross, ebering_ecumenical_altar_petrified,
          kennysheep_minor_cross, minmay_door_square

Skill      XL: |  1  2  3  4  5 |
---------------+----------------+-----
Stealth        | 6 7 8 |  8.0
Short Blades   | 3 4 |  4.0
Fighting       | |  2.5
Throwing       | |  2.3
Dodging        | |  1.5

Action                     |  1- 3 |  4- 6 || total
---------------------------+-------+-------++-------
  Melee: Dagger            |    75 |   132 ||   207
         Punch             |     1 |     2 ||     3
    Use: Potion            |       |     3 ||     3
         Scroll            |       |     1 ||     1
   Stab: Sleeping          |    17 |    17 ||    34
         Distracted        |       |     1 ||     1
 Armour: Robe              |    20 |    28 ||    48
  Dodge: Dodged            |    46 |    85 ||   131

Table legend: (Time is in decaauts)
 A = Elapsed time spent in this place.
 B = Non-inter-level travel time spent in this place.
 C = Inter-level travel time spent in this place.
 D = Time resting spent in this place.
 E = Time spent auto-exploring this place.
 F = Levels seen in this place.
 G = Mean time per level.
                   A        B        C        D        E       F      G
               +--------+--------+--------+--------+--------+-----+--------+
         Total |   2494 |   2397 |     97 |    201 |   1693 |   3 |  831.3 |
       Dungeon |   2494 |   2397 |     97 |    201 |   1693 |   3 |  831.3 |
               +--------+--------+--------+--------+--------+-----+--------+

Top non-repeatable levels by time:
     D:2: 859 daAuts
     D:1: 838 daAuts
     D:3: 796 daAuts
